AoeStats
← Launger

Arena

509965795Analyzed
4v4 RM · 5d ago on Sep 28, 2026· 74m 29s· 8 players
Game mode
Random Map
Map size
Large (8 player)
Population
200
Speed
Normal
Resources
Standard
Victory
Conquest
Starting age
Dark Age
Ending age
Imperial Age
RankedLock teamsTeams togetherTeam positionsShared explorationLock speedFull tech treeHidden civsTurbo modeCheats
Victory
Defeat
🇺🇸 Koreans · United States
1271
+14
🇨🇳 Persians · China
1260
+15
🇲🇽 Celts · Mexico
1166
+18
🇵🇱 Poles · Poland
1148
+18
🇲🇽 Turks · Mexico
1240
-17
🇨🇱 Lithuanians · Chile
1219
-16
🇬🇧 Celts · United Kingdom
1218
-16
🇵🇦 Persians · Panama
1218
-16
jorvikshungite
0:36 Loom
11:31 Feudal Age
13:12 Double-Bit Axe
17:49 Castle Age
16:53 Gold Mining
17:04 Stone Mining
18:50 Scale Mail Armor
19:18 Gambesons
20:25 Horse Collar
20:46 Pikeman
22:20 Forging
23:56 Man-at-Arms
25:34 Arson
25:22 Long Swordsman
27:35 Chain Mail Armor
28:48 Wheelbarrow
29:28 Fletching
31:49 Iron Casting
36:11 Stronghold
40:02 Fortified Wall
40:25 Masonry
64:35 Imperial Age
73:05 Plate Mail Armor
Queondacompa
10:46 Feudal Age
11:15 Double-Bit Axe
11:17 Horse Collar
12:46 Gold Mining
17:39 Castle Age
16:25 Loom
16:36 Stone Mining
18:51 Bow Saw
19:42 Heavy Plow
20:28 Wheelbarrow
22:23 Gold Shaft Mining
22:49 Fletching
23:02 Padded Archer Armor
29:09 Leather Archer Armor
28:50 Bodkin Arrow
32:28 Hand Cart
37:33 Imperial Age
35:02 Town Watch
37:37 Forging
37:33 Scale Barding Armor
39:08 Iron Casting
38:49 Bloodlines
38:39 Husbandry
38:00 Heavy Camel Rider
41:28 Conscription
43:48 Blast Furnace
43:09 Chain Barding Armor
53:59 Plate Barding Armor
York
11:10 Feudal Age
12:09 Double-Bit Axe
14:47 Castle Age
12:30 Horse Collar
15:52 Bow Saw
24:51 Town Watch
25:28 Heavy Plow
26:46 Wheelbarrow
25:57 Loom
26:57 Gold Mining
30:30 Imperial Age
28:18 Hand Cart
28:47 Gold Shaft Mining
28:33 Husbandry
28:29 Stone Mining
29:19 Scale Barding Armor
29:26 Forging
30:27 Stone Shaft Mining
30:11 Bloodlines
30:54 Chain Barding Armor
31:11 Iron Casting
30:27 Fletching
30:34 Murder Holes
30:50 Masonry
31:16 Ballistics
31:39 Conscription
32:19 Plate Barding Armor
31:42 Bodkin Arrow
32:49 Chemistry
31:53 Town Patrol
32:56 Blast Furnace
31:55 Elite War Elephant
34:01 Two-Man Saw
33:39 Crop Rotation
33:51 Devotion
36:00 Architecture
36:14 Hoardings
36:48 Citadels
39:58 Faith
46:50 Scale Mail Armor
46:12 Pikeman
46:53 Squires
57:28 Light Cavalry
59:15 Halberdier
60:20 Chain Mail Armor
60:35 Caravan
61:47 Plate Mail Armor
62:11 Arson
65:33 Hussar
c7
5:16 Loom
10:02 Feudal Age
10:35 Feudal Age
14:32 Castle Age
12:50 Double-Bit Axe
18:11 Bow Saw
22:26 Scale Barding Armor
23:53 Horse Collar
25:32 Wheelbarrow
28:31 Imperial Age
26:50 Heavy Plow
27:15 Town Watch
28:37 Chain Barding Armor
28:28 Forging
30:31 Plate Barding Armor
35:24 Cavalier
36:15 Bloodlines
36:05 Husbandry
37:35 Gold Mining
37:36 Stone Mining
38:32 Conscription
44:00 Stone Shaft Mining
43:14 Paladin
45:44 Iron Casting
50:27 Masonry
51:23 Chemistry
53:00 Light Cavalry
56:03 Winged Hussar
jiggly jigs
10:13 Feudal Age
12:41 Loom
15:49 Castle Age
14:14 Double-Bit Axe
14:19 Horse Collar
17:02 Wheelbarrow
18:03 Hand Cart
26:18 Gold Mining
28:13 Fletching
28:54 Bow Saw
33:17 Imperial Age
31:21 Heavy Plow
31:27 Bodkin Arrow
31:40 Squires
32:25 Gold Shaft Mining
31:43 Stone Mining
31:49 Pikeman
35:02 Chemistry
33:57 Murder Holes
34:14 Fortified Wall
34:08 Bracer
35:17 Forging
35:08 Scale Mail Armor
35:24 Halberdier
37:13 Two-Man Saw
41:29 Ballistics
59:11 Scale Mail Armor
59:22 Forging
66:49 Iron Casting
67:30 Town Watch
71:27 Arson
72:47 Caravan
75:08 Town Patrol
Launger
10:27 Feudal Age
14:08 Castle Age
12:02 Double-Bit Axe
18:05 Wheelbarrow
19:34 Bow Saw
21:00 Scale Barding Armor
21:06 Forging
20:48 Loom
23:07 Hand Cart
22:49 Gold Mining
22:49 Stone Mining
23:55 Horse Collar
25:19 Stone Shaft Mining
29:05 Imperial Age
27:54 Szlachta Privileges
28:45 Chain Barding Armor
29:00 Iron Casting
28:17 Fletching
28:27 Padded Archer Armor
29:15 Heavy Plow
29:32 Cavalier
30:15 Husbandry
30:26 Bloodlines
29:36 Light Cavalry
31:58 Elite Obuch
33:18 Lechitic Legacy
33:20 Conscription
34:55 Blast Furnace
33:51 Bodkin Arrow
33:57 Padded Archer Armor
35:09 Chemistry
35:11 Ballistics
34:58 Capped Ram
37:20 Redemption
37:20 Fervor
36:47 Siege Ram
38:54 Theocracy
38:15 Herbal Medicine
38:21 Devotion
38:41 Sanctity
38:39 Block Printing
38:49 Block Printing
38:35 Devotion
38:57 Sanctity
38:15 Onager
40:35 Winged Hussar
56:27 Crop Rotation
55:38 Crossbowman
56:25 Thumb Ring
56:28 Arbalester
58:02 Caravan
62:10 Bracer
62:26 Leather Archer Armor
63:35 Elite Skirmisher
67:07 Scale Mail Armor
Rey de Copas
10:40 Feudal Age
14:58 Castle Age
13:04 Double-Bit Axe
13:00 Horse Collar
13:26 Gold Mining
35:26 Imperial Age
42:02 Ballistics
43:59 Chemistry
45:23 Heavy Scorpion
47:34 Heavy Plow
48:12 Wheelbarrow
48:55 Furor Celtica
49:08 Conscription
50:09 Siege Engineers
70:19 Caravan
孤鸿
10:33 Feudal Age
12:23 Double-Bit Axe
14:54 Castle Age
12:40 Horse Collar
15:45 Bow Saw
18:28 Wheelbarrow
19:39 Heavy Plow
19:35 Stone Mining
23:01 Stone Shaft Mining
22:52 Loom
23:32 Gold Mining
25:56 Hand Cart
28:20 Gold Shaft Mining
30:44 Imperial Age
28:28 Scale Barding Armor
28:23 Husbandry
28:34 Bloodlines
28:35 Forging
28:38 Masonry
28:50 Ballistics
30:55 Chain Barding Armor
31:39 Iron Casting
31:27 Conscription
32:57 Elite War Elephant
34:36 Plate Barding Armor
35:27 Blast Furnace
35:29 Devotion
36:25 Hoardings
36:31 Architecture
36:14 Citadels
36:19 Guilds
37:53 Crop Rotation
39:03 Chemistry
42:06 Murder Holes
56:38 Faith
60:41 Caravan
64:10 Light Cavalry
65:37 Hussar
68:53 Pikeman
69:34 Squires
Connection lost

Rejoining the realm…

Still unreachable

The connection could not be restored.

Session expired

The server has moved on; the page needs a fresh start.